 Dungeon Sprint DCSS version 0.31-a0-1612-g4aaf141004 (webtiles) character file.

Game seed: 5807819163951239328

65655 Turgor the Warrior (level 14, -9/131 HPs)
             Began as a Demonspawn Gladiator on Jan 9, 2024.
             Was the Champion of Makhleb.
             Mangled by the Serpent of Hell (10 damage)
             ... in the Dungeon (Sprint V: "Ziggurat Sprint").
             The game lasted 01:00:34 (1382 turns).

Turgor the Warrior (Demonspawn Gladiator)           Turns: 1382, Time: 01:00:34

Health: -9/131     AC: 39    Str: 28    XL:     14   Next: 76%
Magic:  24/24      EV:  4    Int: 15    God:    Makhleb [******]
Gold:   0          SH: 38    Dex: 17    Spells: 20/27 levels left

rFire   + + .        r - +9 broad axe (heavy)
rCold   + . .        O - +18 shield of the Gong {Loud rN+ Will+ rCorr EV-5}
rNeg    + . .        t - +9 scales of the Dragon King {rPois rF+ rC+ Will+}
rPois   +            c - +2 helmet {Int+3}
rElec   .            j - +0 cloak {rCorr}
rCorr   +            (gloves unavailable)
SInv    .            v - +2 pair of boots "Ymuucik" {Dex+2}
Will    +++..        u - amulet "Verudwy" {Reflect Rampage Str+4 SH+5} Stlth
                     R - ring of protection from fire
HPRegen 0.41/turn    x - +6 ring of strength
MPRegen 0.19/turn

%: no teleportation, reflection, rampage
@: hasted, glowing, very quick
A: repulsion field 1, icemail 2, spiny 1, condensation shield, demonic touch 3,
clever 1
a: Renounce Religion, Minor Destruction, Lesser Servant of Makhleb, Major
Destruction, Greater Servant of Makhleb


You were in the Dungeon.
You worshipped Makhleb.
Makhleb was exalted by your worship.
You visited 1 branch

Inventory:

Hand Weapons
 r - a +9 heavy broad axe (weapon)
 K - the +8 demon trident "Rift" {distort, reach+}
   (You found it in the Dungeon)
 L - the +6 Majin-Bo {spellvamp, MP+6 Int+6}
   (You found it in the Dungeon)

   Int+6:     It affects your intelligence (+6).
   MP+6:      It affects your magic capacity (+6).
 M - the +16 obsidian axe {drain, demonic, Mesm ^Drain Fly SInv}
   (You found it in the Dungeon)

   Mesm:      Its wielder is mesmerised by any visible foes, and it cannot be
   unequipped while any foes are visible.
   SInv:      It lets you see invisible.
   Fly:       It grants you flight.
   ^Drain:    It drains your maximum health when unequipped.
 V - the +3 Elemental Staff {ele, rElec rF+ rC+ AC+3}
   (You found it in the Dungeon)

   AC+3:      It affects your AC (+3).
   rF+:       It protects you from fire.
   rC+:       It protects you from cold.
   rElec:     It insulates you from electricity.
 W - the +5 Lochaber axe {reach-cleave, Poleaxe ^Drain}
   (You took it off a merfolk javelineer in the Dungeon)

   Poleaxe:   It uses either Axes or Polearms skill, whichever is higher.
   ^Drain:    It drains your maximum health when unequipped.
Missiles
 d - 3 throwing nets (quivered)
 Z - 2 silver javelins
Armour
 c - a +2 helmet of intelligence (worn)
 j - a +0 cloak of preservation (worn)
 m - the +3 hat of Pondering {ponderous, Will+ MP+10 Int+5}
   (You took it off Gastronok in the Dungeon)

   Int+5:     It affects your intelligence (+5).
   Will+:     It increases your willpower.
   MP+10:     It affects your magic capacity (+10).
 q - a +3 tower shield
 t - the +9 scales of the Dragon King (worn) {rPois rF+ rC+ Will+}
   (You found it in the Dungeon)

   rF+:       It protects you from fire.
   rC+:       It protects you from cold.
   rPois:     It protects you from poison Will+: It increases your willpower.
 v - the +2 pair of boots "Ymuucik" (worn) {Dex+2}
   (You found it in the Dungeon)

   Dex+2:     It affects your dexterity (+2).
 N - the +15 Maxwell's patent armour {-Cast -Tele rElec Will+ rCorr}
   (You found it in the Dungeon)

   rElec:     It insulates you from electricity.
   Will+:     It increases your willpower.
   -Cast:     It prevents spellcasting.
   -Tele:     It prevents most forms of teleportation.
   rCorr:     It protects you from acid and corrosion.
 O - the +18 shield of the Gong (worn) {Loud rN+ Will+ rCorr EV-5}
   (You found it in the Dungeon)

   Loud:      It is deafeningly noisy when blocking attacks.
   EV-5:      It affects your evasion (-5).
   rN+:       It protects you from negative energy.
   Will+:     It increases your willpower.
   rCorr:     It protects you from acid and corrosion.
 Q - a +1 pair of boots of flying
Magical Staves
 n - the staff of Viagekh {rElec rC++ Int+3 Dex-2 SInv Air}
   (You found it in the Dungeon)

   [staff of air]

   Base accuracy: +5 Base damage: 5 Base attack delay: 1.2 This weapon's minimum
   attack delay (0.6) is reached at skill level 12.
   Int+3:     It affects your intelligence (+3).
   Dex-2:     It affects your dexterity (-2).
   rC++:      It greatly protects you from cold.
   rElec:     It insulates you from electricity.
   SInv:      It lets you see invisible.
   Air:       It increases the power of your Air spells.
   It falls into the 'Staves' category.
   It is a one-handed weapon.
 Y - the staff "Uling" {rElec rF+ Air}
   (You found it in the Dungeon)

   [staff of air]

   Base accuracy: +5 Base damage: 5 Base attack delay: 1.2 This weapon's minimum
   attack delay (0.6) is reached at skill level 12.
   rF+:       It protects you from fire.
   rElec:     It insulates you from electricity.
   Air:       It increases the power of your Air spells.
   It falls into the 'Staves' category.
   It is a one-handed weapon.
Jewellery
 b - the ring "Zaybaitti" {rF- MP+9 AC+4 Int+3}
   (You found it in the Dungeon)

   [ring of protection]

   AC+4:      It affects your AC (+4).
   Int+3:     It affects your intelligence (+3).
   rF-:       It makes you vulnerable to fire.
   MP+9:      It affects your magic capacity (+9).
 p - a ring of protection from fire
 u - the amulet "Verudwy" (around neck) {Reflect Rampage Str+4 SH+5}
   (You found it in the Dungeon)

   [amulet of reflection]

   Reflect:   It reflects blocked missile attacks.
   Str+4:     It affects your strength (+4).
   SH+5:      It affects your SH (+5).
   Rampage:   It bestows one free step when moving towards enemies.
 w - the ring of Yjuseuq {rN+ Int+3 Dex+2}
   (You found it in the Dungeon)

   [ring of positive energy]

   Int+3:     It affects your intelligence (+3).
   Dex+2:     It affects your dexterity (+2).
   rN+:       It protects you from negative energy.
 x - a +6 ring of strength (right hand)
 y - the amulet of the Commoners {Acrobat rPois Regen+ rCorr MP+9}
   (You found it in the Dungeon)

   [amulet of the acrobat]

   Acrobat:   It increases your evasion while moving and waiting.
   rPois:     It protects you from poison MP+9: It affects your magic capacity
   (+9).
   Regen+:    It increases your rate of health regeneration.
   rCorr:     It protects you from acid and corrosion.
 E - the ring "Wanad" {rElec rCorr Slay+4}
   (You found it in the Dungeon)

   [ring of slaying]

   Slay+4:    It affects your accuracy & damage with ranged weapons and melee
   (+4).
   rElec:     It insulates you from electricity.
   rCorr:     It protects you from acid and corrosion.
 R - a ring of protection from fire (left hand)
Talismans
 l - the dragon-blood talisman "Logeush" {Str+3 Dex+2}
   (You found it in the Dungeon)

   [dragon-blood talisman]

   Str+3:     It affects your strength (+3).
   Dex+2:     It affects your dexterity (+2).
Wands
 o - a wand of flame (33)
 s - a wand of paralysis (27)
 A - a wand of light (14)
 X - a wand of roots (21)
Scrolls
 a - 8 scrolls of enchant weapon
 k - 2 scrolls of blinking
 G - 4 scrolls of amnesia
 H - 4 scrolls of fog
 I - 5 scrolls of identify
 J - a scroll of fear
 T - 3 scrolls of brand weapon
Potions
 f - 8 potions of curing
 g - 5 potions of heal wounds
 h - 5 potions of haste
 i - 7 potions of magic
 B - 2 potions of brilliance
 C - a potion of invisibility
 D - 4 potions of resistance
 F - 5 potions of might
Miscellaneous
 e - a phial of floods (inert)
 z - a condenser vane (inert)
 P - a box of beasts (inert)
 S - a phantom mirror (inert)
 U - a lightning rod (3/4)


   Skills:
 * Level 18.3 Fighting
 - Level 18.0 Axes
 - Level 1.7 Throwing
 + Level 17.2 Armour
 - Level 2.6 Dodging
 + Level 17.2 Shields
 + Level 7.2 Spellcasting
 + Level 5.5 Summonings
 + Level 7.1 Translocations
 - Level 12.0 Invocations
 - Level 12.0 Evocations


You had 20 spell levels left.
You knew the following spells:

 Your Spells              Type           Power      Damage    Failure   Level
a - Blink                 Tloc           52%        N/A       22%         2
b - Summon Forest         Summ/Tloc      12%        N/A       99%         5

Your spell library contained the following spells:

 Spells                   Type           Power      Damage    Failure   Level
 Lesser Beckoning         Tloc           52%        N/A       22%         2
 Momentum Strike          Conj/Tloc      32%        3d8       67%         2
 Summon Ice Beast         Ice/Summ       13%        N/A       94%         3
 Freeze                   Ice            20%        1d4       95%         1
 Magic Dart               Conj           20%        1d4       95%         1
 Shock                    Conj/Air       20%        1d4       95%         1
 Cigotuvi's Dreadful Rot  Necr/Alch/Air  10%        N/A       99%         2
 Ensorcelled Hibernation  Hex/Ice        10%        N/A       99%         2
 Jinxbite                 Hex            10%        N/A       99%         2
 Dimensional Bullseye     Hex/Tloc       8%         N/A       99%         4
 Iskenderun's Mystic Bla  Conj/Tloc      16%        2d5       99%         4
 Frozen Ramparts          Ice            10%        1d2       100%        3
 Hailstorm                Conj/Ice       5%         3d5       100%        3
 Inner Flame              Hex/Fire       5%         N/A       100%        3
 Tukima's Dance           Hex            5%         N/A       100%        3
 Animate Dead             Necr           5%         N/A       100%        4
 Cause Fear               Hex            2%         N/A       100%        4
 Dispel Undead            Necr           5%         3d7       100%        4
 Flame Wave               Conj/Fire      5%         2d5       100%        4
 Fulminant Prism          Conj/Alch      2%         3d5       100%        4
 Ignite Poison            Fire/Alch      5%         N/A       100%        4
 Martyr's Knell           Necr/Summ      13%        N/A       100%        4
 Sticky Flame             Fire/Alch      5%         2d4       100%        4
 Alistair's Intoxication  Alch           3%         N/A       100%        5
 Borgnjor's Vile Clutch   Necr/Erth      2%         N/A       100%        5
 Curse of Agony           Necr           5%         N/A       100%        5
 Fireball                 Conj/Fire      2%         3d4       100%        5
 Freezing Cloud           Conj/Ice/Air   2%         6-21      100%        5
 Silence                  Hex/Air        2%         N/A       100%        5
 Summon Mana Viper        Hex/Summ       13%        N/A       100%        5
 Yara's Violent Unravell  Hex/Alch       2%         3d3       100%        5
 Death Channel            Necr           2%         N/A       100%        6
 Eringya's Noxious Bog    Alch           2%         4d6       100%        6
 Summon Cactus Giant      Summ           11%        N/A       100%        6
 Enfeeble                 Hex            2%         N/A       100%        7
 Summon Hydra             Summ           11%        N/A       100%        7
 Lehudib's Crystal Spear  Conj/Erth      2%         10d2      100%        8
 Chain Lightning          Conj/Air       2%         3d3       100%        9
 Dragon's Call            Summ           11%        N/A       100%        9
 Fire Storm               Conj/Fire      2%         8d1       100%        9
 Shatter                  Erth           2%         3d6*      100%        9


Dungeon Overview and Level Annotations

Branches:
Dungeon (1/1)

Altars:
Ashenzari
Cheibriados
Dithmenos
Fedhas
Gozag
Hepliaklqana
Kikubaaqudgha
Makhleb
Nemelex Xobeh
Okawaru
Qazlal
Ru
Sif Muna
Trog
Uskayaw
Vehumet
Wu Jian
Xom
Yredelemnul
Jiyva
Lugonu

Annotations:
D Cerebov, Dispater, Edmund, Eustachio, Frederick, Margery, Mennas, Mnoleg, Pargi, Serpent of Hell, Snorg, Urug, Xtahua


Innate Abilities, Weirdness & Mutations

You are surrounded by a mild repulsion field. (EV +2)
A meltable icy envelope protects you from harm. (AC +0)
You are partially covered in sharp spines.
A meltable shield of frost defends you. (SH +0)
Your touch may irresistibly damage your foes and sap their willpower.
Your mind is acute. (Int +4, Str/Dex -1)


Message History

The Serpent of Hell bites you but does no damage.
The Serpent of Hell claws you but does no damage.
The Serpent of Hell completely misses you.
Mennas hits you but does no damage. x2
Unknown command.
Unknown command.
Unknown command.
You slash the Serpent of Hell!
The Serpent of Hell is moderately wounded.
Mennas blocks your attack. You block Mennas's attack.
GONNNNG!
You block Mennas's attack.
GONNNNG!
The iron dragon breathes metal splinters at you.
You block the spray of metal splinters... and reflect it back!
GONNNNG!
The spray of metal splinters hits the Serpent of Hell.
The Serpent of Hell roars!
The golden eye blinks at you. You resist with almost no effort.
Unknown command.
Unknown command.
Unknown command.
Unknown command.
You hit the Serpent of Hell.
The Serpent of Hell is moderately wounded.
You barely miss Mennas. You block Mennas's attack.
BONNNG!
You block Mennas's attack.
GONNNNG!
Mennas shakes his head sadly.
You block Mennas's attack.
GONNNNG!
Mennas hits you but does no damage. The Serpent of Hell bites you!!
* * * LOW HITPOINT WARNING * * *
You are engulfed in flames!
You resist.
* * * LOW HITPOINT WARNING * * *
The Serpent of Hell bites you!
* * * LOW HITPOINT WARNING * * *
You are engulfed in flames!
You resist.
You die...

▓....§....... ▓.
▓...*§T.........▓.
▓{G@2.D.h.......▓.
▓D1G2...........▓.
▓@&&&...........▓~
▓G&§▓.......▓...▓▓
▓G&&~...........▓.
▓ADD~...........▓.
▓@§§....©.......▓.
▓▓▓▓▓▓▓▓▓▓▓▓▓▓▓▓▓.
▓. ▓. ▓. ▓. ▓. ▓.
▓.


You could see Cerebov (fast, resistant), Mnoleg (unsilenced, waterlogged), the
Serpent of Hell (resistant, unsilenced, catching breath, waterlogged), Mennas
(fast, waterlogged), an iron dragon (summoned, unsilenced, catching breath,
waterlogged) and a golden eye (summoned).

Vanquished Creatures
  Saint Roka (D)
  Nikola (D)
  Kirke (D)
  Gastronok (D)
  A shadow dragon (D)
  Agnes (D)
  Donald (D)
  Aizul (D)
  3 fire giants (D)
  Roxanne (D)
  2 balrugs (D)
  A ghoul (D)
  A very ugly thing (D)
  An ironbound thunderhulk (D)
  Nessos (D)
  Josephine (D)
  3 merfolk javelineers (D)
  A merfolk impaler (D)
  Harold (D)
  A vault guard (D)
  5 salamander tyrants (D)
  2 hydras (D)
  Erolcha (D)
  A merfolk avatar (D)
  2 stokers (D)
  Erica (D)
  An anaconda (D)
  A death yak (D)
  8 hell hogs (D)
  Sonja (D)
  Nergalle (D)
  2 skysharks (D)
  A skyshark (shapeshifter) (D)
  2 sea snakes (D)
  A harpy (D)
  An ugly thing (D)
  2 manticores (D)
  A cyclops (D)
  A shining eye (D)
  A salamander (shapeshifter) (D)
  A meliai (shapeshifter) (D)
  3 guardian serpents (D)
  2 water nymphs (D)
  3 black mambas (D)
  A torpor snail (D)
  3 naga magi (D)
  A black mamba (shapeshifter) (D)
  5 cane toads (D)
  An unseen horror (shapeshifter) (D)
  2 yaktaurs (D)
  A yaktaur (shapeshifter) (D)
  A tormentor (D)
  5 komodo dragons (D)
  Psyche (D)
  2 merfolk (D)
  A snapping turtle (D)
  Prince Ribbit (D)
  2 blink frogs (D)
  A dream sheep (shapeshifter) (D)
  3 jumping spiders (D)
  2 slime creatures (D)
  7 spriggans (D)
  A wyvern (D)
  A yak (D)
  A basilisk (D)
  2 water elementals (D)
  2 redbacks (D)
  4 nagas (D)
  Menkaure (D)
  Duvessa (D)
  7 water moccasins (D)
  5 black bears (D)
  2 orc warriors (D)
  5 wolves (D)
  3 scorpions (D)
  3 bullfrogs (D)
  Dowan (D)
  5 orc priests (D)
  Crazy Yiuf (D)
  3 jellies (D)
  3 orc wizards (D)
  2 adders (D)
  An adder zombie (D)
  2 adder skeletons (D)
  An orc (D)
  3 spectral bats (D)
  A ball python (D)
  2 bat skeletons (D)
  An endoplasm (D)
  A jackal zombie (D)
  5 fire vortices (D)
  A spectral weapon (D)
181 creatures vanquished.

Vanquished Creatures (collateral kills)
  An anaconda (D)
  A black mamba (D)
  A ball python (D)
3 creatures vanquished.

Vanquished Creatures (others)
  Rupert (D)
  A fire giant (D)
  A yaktaur captain (D)
  A naga (D)
  Ijyb (D)
5 creatures vanquished.

Grand Total: 189 creatures vanquished

Notes
Turn   | Place    | Note
-------+----------+-------------------------------------------
     0 | D        | Turgor the Demonspawn Gladiator began the quest for the
                  | Orb.
     0 | D        | Reached XP level 1. HP: 16/16 MP: 1/1
     3 | D        | Found a blossoming altar of Fedhas.
     3 | D        | Found the +6 Majin-Bo {spellvamp, MP+6 Int+6}
     3 | D        | Found the +27 heavy crossbow "Sniper" {heavy, Acc+∞ SInv}
     3 | D        | Found the +10 dark maul {heavy}
     3 | D        | Found the +15 Maxwell's patent armour {-Cast -Tele rElec
                  | Will+ rCorr}
     3 | D        | Found the +18 shield of the Gong {Loud rN+ Will+ rCorr
                  | EV-5}
     3 | D        | Found the +16 obsidian axe {drain, demonic, Mesm ^Drain Fly
                  | SInv}
     3 | D        | Found the +7 great mace "Firestarter" {flame, immolate,
                  | rFlCloud rF++}
     3 | D        | Found the +6 shillelagh "Devastator" {shatter}
     3 | D        | Found the +11 plutonium sword {^Contam Stlth-}
     3 | D        | Found the +8 lance "Wyrmbane" {slay drac, rPois rF+ rC+
                  | AC+3}
     3 | D        | Found the +9 sword of Zonguldrok {reap}
     3 | D        | Found the +13 scythe of Curses {drain, curses, ^Drain}
     3 | D        | Found the +9 sword of Power {lifebolt}
     3 | D        | Found the +7 mace of Variability {chaos, chaos arc}
     3 | D        | Found the +11 Singing Sword {sonic wave}
     3 | D        | Found the +8 storm bow {elec, penet}
     5 | D        | Found a viscous altar of Jiyva.
     5 | D        | Found a hazy altar of Hepliaklqana.
     5 | D        | Found a transporter.
     5 | D        | Found an opulent altar of Gozag.
     5 | D        | Found an ancient bone altar of Kikubaaqudgha.
     5 | D        | Found a corrupted altar of Lugonu.
    16 | D        | Found a burning altar of Makhleb.
    17 | D        | Found a stormy altar of Qazlal.
    17 | D        | Found a sacrificial altar of Ru.
    17 | D        | Found an iron altar of Okawaru.
    17 | D        | Found a shimmering blue altar of Sif Muna.
    17 | D        | Found a sparkling altar of Nemelex Xobeh.
    17 | D        | Found a bloodstained altar of Trog.
    54 | D        | Became a worshipper of Makhleb the Destroyer
    61 | D        | Entered arena 2.
    61 | D        | Noticed a scorpion
    61 | D        | Noticed a jumping spider
    61 | D        | Found a transporter.
    67 | D        | Killed a scorpion
    68 | D        | Gained mutation: A meltable shield of frost defends you.
                  | (SH +0) [demonic ancestry]
    68 | D        | Reached XP level 2. HP: 7/22 MP: 2/2
    68 | D        | Gained mutation: Your touch may inflict minor irresistible
                  | damage on your foes. [demonic ancestry]
    68 | D        | Reached XP level 3. HP: 8/27 MP: 3/3
    86 | D        | Killed a jumping spider
    87 | D        | Gained mutation: You are partially covered in sharp spines.
                  | [demonic ancestry]
    87 | D        | Reached XP level 4. HP: 29/33 MP: 4/4
    87 | D        | Gained mutation: A meltable icy envelope protects you from
                  | harm. (AC +0) [demonic ancestry]
    87 | D        | Reached XP level 5. HP: 33/38 MP: 5/5
   104 | D        | Entered arena 3.
   104 | D        | Noticed a black bear
   104 | D        | Noticed a spriggan
   104 | D        | Noticed a spriggan
   104 | D        | Found a transporter.
   109 | D        | Killed a black bear
   109 | D        | Reached * piety under Makhleb
   110 | D        | Reached skill level 1 in Shields
   110 | D        | Reached XP level 6. HP: 47/47 MP: 6/6
   111 | D        | Killed a spriggan
   111 | D        | Killed a spriggan
   111 | D        | Reached ** piety under Makhleb
   112 | D        | Reached skill level 5 in Fighting
   112 | D        | Gained mutation: You are surrounded by a mild repulsion
                  | field. (EV +2) [demonic ancestry]
   112 | D        | Reached XP level 7. HP: 56/56 MP: 7/7
   138 | D        | Entered arena 4.
   138 | D        | Found the +7 Spriggan's Knife {stab, EV+4 Stlth+}
   138 | D        | Found a transporter.
   166 | D        | Learned a level 2 spell: Blink
   172 | D        | Entered arena 5.
   172 | D        | Noticed a spriggan
   172 | D        | Noticed a spriggan
   172 | D        | Found a transporter.
   179 | D        | Killed a spriggan
   179 | D        | Reached *** piety under Makhleb
   180 | D        | Reached skill level 1 in Evocations
   180 | D        | Killed a spriggan
   181 | D        | Reached skill level 5 in Shields
   181 | D        | Reached XP level 8. HP: 64/64 MP: 7/10
   203 | D        | Entered arena 6.
   203 | D        | Noticed a slime creature
   203 | D        | Found a transporter.
   209 | D        | Reached **** piety under Makhleb
   215 | D        | Killed a slime creature
   218 | D        | Reached ***** piety under Makhleb
   236 | D        | Got the staff "Z" {*Corrode rElec rF- Dex+8 SInv Air}
   238 | D        | Entered arena 7.
   238 | D        | Noticed a jumping spider
   238 | D        | Noticed a jumping spider
   245 | D        | Reached skill level 5 in Invocations
   260 | D        | Killed a jumping spider
   261 | D        | Reached XP level 9. HP: 67/72 MP: 13/13
   265 | D        | Found a transporter.
   290 | D        | Entered arena 8.
   290 | D        | Noticed an ironbound thunderhulk
   290 | D        | Noticed a vault guard
   290 | D        | Noticed a yaktaur
   290 | D        | Noticed a yaktaur captain
   290 | D        | Noticed a yaktaur
   301 | D        | Killed an ironbound thunderhulk
   303 | D        | Killed a vault guard
   304 | D        | Reached skill level 5 in Evocations
   306 | D        | Killed a yaktaur
   306 | D        | Killed a yaktaur captain
   309 | D        | Killed a yaktaur
   309 | D        | Reached ****** piety under Makhleb
   310 | D        | Reached skill level 10 in Armour
   310 | D        | Gained mutation: Your touch may inflict irresistible damage
                  | on your foes. [demonic ancestry]
   310 | D        | Reached XP level 10. HP: 82/82 MP: 16/16
   310 | D        | Found a transporter.
   365 | D        | Entered arena 9.
   365 | D        | Found the +7 captain's cutlass {speed, disarm}
   366 | D        | Found a transporter.
   390 | D        | Got the ring "Zaybaitti" {rF- MP+9 AC+4 Int+3}
   404 | D        | Entered arena 10.
   404 | D        | Noticed a black mamba
   404 | D        | Noticed a naga mage
   411 | D        | Killed a black mamba
   415 | D        | Killed a naga mage
   418 | D        | Found a transporter.
   437 | D        | Got the amulet "Verudwy" {Reflect Rampage Str+4 SH+5}
   450 | D        | Entered arena 11.
   461 | D        | Found a transporter.
   470 | D        | Got the amulet of the Commoners {Acrobat rPois Regen+ rCorr
                  | MP+9}
   474 | D        | Got Sif Muna's Anthology of Profane Rituals and Firn
   476 | D        | Got the Compilation of Snow and the Gathering
   483 | D        | Got the +0 pair of gloves of Calculation {Str+5 Int+2}
   490 | D        | Entered arena 12.
   490 | D        | Noticed a shining eye
   490 | D        | Noticed a purple very ugly thing
   490 | D        | Noticed a meliai
   490 | D        | Noticed a cyan ugly thing
   490 | D        | Noticed a skyshark
   492 | D        | a yaktaur changed into a swamp dragon
   492 | D        | Noticed a swamp dragon (glowing shapeshifter)
   492 | D        | Noticed a black mamba
   493 | D        | a yaktaur changed into an orb spider
   493 | D        | Noticed an orb spider (glowing shapeshifter)
   494 | D        | a swamp dragon changed into a jumping spider
   494 | D        | an orb spider changed into a redback
   495 | D        | Killed a meliai
   495 | D        | a skyshark changed into a two-headed ogre
   495 | D        | Noticed a two-headed ogre (glowing shapeshifter)
   495 | D        | a dream sheep changed into a glowing orange brain
   495 | D        | Noticed a glowing orange brain (glowing shapeshifter)
   495 | D        | a redback changed into a water nymph
   495 | D        | Noticed a water nymph (glowing shapeshifter)
   496 | D        | Reached skill level 10 in Invocations
   496 | D        | a two-headed ogre changed into a bunyip
   496 | D        | Noticed a bunyip (glowing shapeshifter)
   496 | D        | a glowing orange brain changed into something unseen
   497 | D        | Reached skill level 15 in Axes
   498 | D        | Killed a purple very ugly thing
   498 | D        | a water nymph changed into a shock serpent
   498 | D        | Noticed a shock serpent (glowing shapeshifter)
   499 | D        | Reached skill level 10 in Fighting
   499 | D        | Killed a cyan ugly thing
   499 | D        | Killed a black mamba
   499 | D        | a shock serpent changed into a death drake
   499 | D        | Noticed a death drake (glowing shapeshifter)
   500 | D        | Gained mutation: Your touch may irresistibly damage your
                  | foes and sap their willpower. [demonic ancestry]
   500 | D        | Reached XP level 11. HP: 92/92 MP: 17/19
   500 | D        | a bunyip changed into a salamander
   501 | D        | Gained mutation: Your mind is acute. (Int +4, Str/Dex -1)
                  | [a shining eye]
   502 | D        | Killed a shining eye
   502 | D        | a snapping turtle changed into a mana viper
   502 | D        | Noticed a mana viper (glowing shapeshifter)
   502 | D        | a mana viper changed into a shock serpent
   502 | D        | Noticed a shock serpent (glowing shapeshifter)
   502 | D        | a death drake changed into a yaktaur
   505 | D        | a shock serpent changed into a faun
   506 | D        | a faun changed into a skyshark
   506 | D        | Noticed a skyshark (glowing shapeshifter)
   508 | D        | Killed a skyshark
   511 | D        | Found a transporter.
   538 | D        | Got the staff of the Viper {rElec Earth}
   543 | D        | Entered arena 13.
   543 | D        | Found the +3 Elemental Staff {ele, rElec rF+ rC+ AC+3}
   546 | D        | Noticed a shadow dragon
   546 | D        | Noticed a ghoul
   546 | D        | Found the +9 scales of the Dragon King {rPois rF+ rC+
                  | Will+}
   546 | D        | Found a transporter.
   553 | D        | Killed a ghoul
   560 | D        | Killed a shadow dragon
   566 | D        | Got the +2 pair of boots "Ymuucik" {Dex+2}
   585 | D        | Got the staff of Viagekh {rElec rC++ Int+3 Dex-2 SInv Air}
   632 | D        | Reached XP level 12. HP: 100/100 MP: 20/20
   633 | D        | Entered arena 14.
   638 | D        | Noticed a four-headed hydra
   638 | D        | Noticed a death yak
   638 | D        | Noticed a five-headed hydra
   645 | D        | Reached skill level 10 in Shields
   645 | D        | Killed an eight-headed hydra
   648 | D        | Killed a seven-headed hydra
   649 | D        | Reached skill level 10 in Evocations
   653 | D        | Killed a death yak
   663 | D        | Found a transporter.
   689 | D        | Entered arena 15.
   694 | D        | Noticed an anaconda
   694 | D        | Noticed an anaconda
   701 | D        | Killed an anaconda
   702 | D        | Gained mutation: A meltable icy envelope protects you from
                  | harm. (AC +0) [demonic ancestry]
   702 | D        | Reached XP level 13. HP: 85/109 MP: 21/21
   712 | D        | Found a transporter.
   736 | D        | Entered arena 16.
   741 | D        | Noticed Duvessa
   741 | D        | Noticed Harold
   741 | D        | Noticed Nikola
   741 | D        | Noticed Ijyb
   741 | D        | Noticed Roxanne
   741 | D        | Noticed Donald
   741 | D        | Noticed Saint Roka
   741 | D        | Noticed Rupert
   741 | D        | Found the +3 salamander hide armour {Flames, rFlCloud rF++
                  | rC--}
   757 | D        | Killed Rupert
   757 | D        | Killed Ijyb
   760 | D        | Killed Saint Roka
   764 | D        | Noticed Gastronok
   770 | D        | Killed Duvessa
   773 | D        | Killed Donald
   777 | D        | Killed Gastronok
   779 | D        | Killed Harold
   787 | D        | Found a transporter.
   789 | D        | Killed Nikola
   795 | D        | Killed Roxanne
   802 | D        | Got the ring "Wanad" {rElec rCorr Slay+4}
   809 | D        | Got the Textbook on Spellbinding Outbursts
   818 | D        | Got the staff "Uling" {rElec rF+ Air}
   821 | D        | Entered arena 17.
   821 | D        | Noticed Dowan
   824 | D        | Killed Dowan
   826 | D        | Identified the serpent talisman "Bateskat" {*Slow Fly rC-
                  | Str+6}
   826 | D        | Noticed Aizul
   826 | D        | Noticed Prince Ribbit
   827 | D        | Noticed Menkaure
   837 | D        | Noticed Nessos
   838 | D        | Noticed Sonja
   839 | D        | Killed Aizul
   840 | D        | Killed Prince Ribbit
   841 | D        | Killed Nessos
   841 | D        | Noticed Josephine
   841 | D        | Noticed Crazy Yiuf
   842 | D        | Noticed Erolcha
   843 | D        | Noticed Kirke
   843 | D        | Noticed Agnes
   843 | D        | Noticed Erica
   845 | D        | Killed Josephine
   846 | D        | Killed Crazy Yiuf
   846 | D        | Noticed Nergalle
   847 | D        | Killed Kirke
   848 | D        | Killed Nergalle
   851 | D        | Killed Agnes
   851 | D        | Identified the orb of Distant Worlds {guile, rN++ Str+3
                  | Int-3 Air}
   851 | D        | Noticed Psyche
   852 | D        | Reached skill level 15 in Fighting
   852 | D        | Reached skill level 15 in Armour
   852 | D        | Reached skill level 15 in Shields
   852 | D        | Killed Psyche
   855 | D        | Killed Erolcha
   856 | D        | Reached skill level 1 in Spellcasting
   856 | D        | Reached skill level 1 in Translocations
   856 | D        | Killed Sonja
   861 | D        | Killed Erica
   864 | D        | Killed Menkaure
   881 | D        | Found a transporter.
   988 | D        | Entered arena 18.
   995 | D        | Noticed a merfolk impaler
   995 | D        | Noticed a merfolk javelineer
   995 | D        | Noticed a merfolk javelineer
   996 | D        | Noticed a merfolk javelineer
  1005 | D        | Killed a merfolk javelineer
  1005 | D        | Killed a merfolk javelineer
  1006 | D        | Reached XP level 14. HP: 105/125 MP: 23/23
  1024 | D        | Found a transporter.
  1085 | D        | Got the dragon-blood talisman "Logeush" {Str+3 Dex+2}
  1103 | D        | Learned a level 5 spell: Summon Forest
  1103 | D        | Entered arena 19.
  1107 | D        | Found the +8 pair of quick blades "Gyre" and "Gimble"
                  | {protect}
  1119 | D        | Reached skill level 5 in Spellcasting
  1119 | D        | Reached skill level 1 in Summonings
  1119 | D        | Reached skill level 5 in Translocations
  1130 | D        | Found a transporter.
  1142 | D        | Got the ring of Yjuseuq {rN+ Int+3 Dex+2}
  1171 | D        | Entered arena 20.
  1178 | D        | Noticed a fire giant
  1178 | D        | Noticed a fire giant
  1178 | D        | Noticed a balrug
  1178 | D        | Found the +8 demon trident "Rift" {distort, reach+}
  1178 | D        | Noticed a balrug
  1178 | D        | Noticed a fire giant
  1186 | D        | Noticed a fire giant
  1194 | D        | Killed a balrug
  1196 | D        | Killed a fire giant
  1201 | D        | Killed a balrug
  1203 | D        | Killed a fire giant
  1204 | D        | Killed a fire giant
  1207 | D        | Killed a fire giant
  1210 | D        | Reached skill level 5 in Summonings
  1223 | D        | Found a transporter.
  1277 | D        | Got Yppuargh's Compilation of Voltaic Arcane Combat
  1357 | D        | Entered arena 21.
  1363 | D        | Noticed Xtahua
  1363 | D        | Noticed Mennas
  1363 | D        | Noticed Pargi
  1364 | D        | Noticed the Serpent of Hell
  1364 | D        | Noticed Mnoleg
  1365 | D        | Noticed Dispater
  1365 | D        | Identified the +6 morningstar of Nice Purpose {protect,
                  | rN+++ rCorr Int-5}
  1365 | D        | Identified the orb of the Kitsune {*channel, rC+ Str+6
                  | Dex-2 Hexes}
  1365 | D        | Noticed Frederick
  1367 | D        | Noticed Urug
  1367 | D        | Identified the +6 scimitar "Beutoilo" {vamp, rElec Str-2
                  | Int+2}
  1367 | D        | Noticed Margery
  1367 | D        | Found the +6 sword of Cerebov {flame}
  1367 | D        | Noticed Cerebov
  1367 | D        | Urug changed into Urug the raiju
  1367 | D        | Noticed Urug
  1368 | D        | Noticed an iron dragon
  1368 | D        | Noticed a Hell Sentinel
  1371 | D        | Noticed an iron dragon
  1371 | D        | Noticed Snorg
  1373 | D        | Noticed Edmund
  1374 | D        | Identified the ring of Qirch {Wiz Dex+3}
  1374 | D        | Noticed Eustachio
  1382 | D        | HP: 1/131 [the Serpent of Hell (16)]
  1382 | D        | Mangled by the Serpent of Hell

Illustrated notes

Levels and vault maps discovered:
D:        sprint_v [room_start, room_1, room_2, room_3, room_4, room_5, room_6,
          room_7, room_8, room_9, room_10, room_11, room_12, room_13, room_14,
          room_15, room_16, room_17, room_18, room_19, room_20, room_21,
          room_22, room_23, room_24, room_25, room_26, room_27]

Skill      XL: |  1  2  3  4  5  6  7  8  9 10 11 12 13 14 |
---------------+-------------------------------------------+-----
Axes           | 6 9 11 12 14 15 16 18 | 18.0
Armour         | 3 6 7 8 9 10 11 12 15 17 | 17.2
Fighting       | 3 5 6 7 8 10 11 12 16 18 | 18.3
Shields        | 1 4 5 6 7 9 11 15 17 | 17.2
Invocations    | 2 5 8 10 11 12 | 12.0
Evocations     | 2 4 6 8 9 10 12 | 12.0
Spellcasting   | 3 7 |  7.2
Translocations | 3 7 |  7.1
Summonings     | 5 |  5.5
Throwing       | |  1.7
Dodging        | |  2.6

Action                     |  1- 3 |  4- 6 |  7- 9 | 10-12 | 13-15 || total
---------------------------+-------+-------+-------+-------+-------++-------
  Melee: Broad axe         |    10 |     4 |    61 |    77 |   175 ||   327
         Touch             |     3 |       |       |       |       ||     3
 Invoke: Greater Servant o |       |       |       |     1 |     4 ||     5
  Evoke: Wand              |       |     1 |       |     4 |     1 ||     6
         Phantom mirror    |       |       |       |       |     2 ||     2
         Lightning rod     |       |       |       |       |     3 ||     3
         Box of beasts     |       |       |       |       |     2 ||     2
         Phial of floods   |       |       |       |       |     1 ||     1
         Condenser vane    |       |       |       |       |     1 ||     1
    Use: Potion            |     1 |     1 |     3 |     5 |    10 ||    20
         Scroll            |       |       |     6 |     1 |     7 ||    14
   Stab: Invisible         |       |       |     2 |       |       ||     2
         Distracted        |       |       |       |       |     1 ||     1
 Armour: Gold dragon scale |    32 |     7 |    64 |    94 |   144 ||   341
  Dodge: Dodged            |       |       |    10 |     4 |    11 ||    25
  Block: Buckler           |       |     4 |    35 |       |       ||    39
         Kite shield       |       |       |       |   165 |   277 ||   442
         Reflection        |       |       |       |     1 |     9 ||    10

Table legend: (Time is in decaauts)
 A = Elapsed time spent in this place.
 B = Non-inter-level travel time spent in this place.
 C = Inter-level travel time spent in this place.
 D = Time resting spent in this place.
 E = Time spent auto-exploring this place.
 F = Levels seen in this place.
 G = Mean time per level.
                   A        B        C        D        E       F      G
               +--------+--------+--------+--------+--------+-----+--------+
         Total |   1405 |   1405 |      0 |    154 |      0 |   1 | 1405.0 |
       Dungeon |   1405 |   1405 |      0 |    154 |      0 |   1 | 1405.0 |
               +--------+--------+--------+--------+--------+-----+--------+

Top non-repeatable levels by time:
       D: 1405 daAuts
